 Dungeon Crawl Stone Soup version 0.27-a0-1548-gf8a67e7463 (webtiles) character file.

Game seed: 4378459844958445560

49173 wakim the Unseen (level 14, 0/84 HPs)
             Began as a Kobold Brigand on July 13, 2021.
             Was a High Priest of Wu Jian.
             Succumbed to a swamp dragon's poison gas
             ... on level 6 of the Lair of Beasts.
             The game lasted 01:02:33 (20377 turns).

wakim the Unseen (Kobold Brigand)                  Turns: 20377, Time: 01:02:34

Health: 0/84       AC:  8    Str:  4    XL:     14   Next: 90%
Magic:  18/18      EV: 29    Int: 14    God:    Wu Jian [*****.]
Gold:   2141       SH: 10    Dex: 26    Spells: 16/19 levels left

rFire    + . .     SeeInvis .   a - +7 quick blade
rCold    . . .     Faith    .   l - +2 buckler
rNeg     . . .     Spirit   .   z - +1 robe of Defence {Regen+ Str-4 Dex+6}
rPois    .         Reflect  .   f - +1 helmet
rElec    .         Harm     .   c - +0 cloak
rCorr    .         Rampage  .   k - +0 pair of gloves
Will     +....                  q - +0 pair of boots
Stlth    ++++++++..             o - amulet of the acrobat
HPRegen  1.24/turn              D - ring of flight
MPRegen  0.16/turn              j - ring of protection from fire

@: lethally poisoned (0 -> -10), about to teleport, flying, serpent's lash
A: small, no large weapons, nightstalker 3
a: Renounce Religion, Wall Jump, Serpent's Lash, Heavenly Storm


You were on level 6 of the Lair of Beasts.
You worshipped Wu Jian.
Wu Jian was extremely pleased with you.
You visited 3 branches of the dungeon, and saw 18 of its levels.

You collected 2141 gold pieces.

Inventory:

Hand Weapons
 a - a +7 quick blade (weapon)
 b - a +2 dagger of venom
 m - the +7 long sword "Erghot" {distort, rN+ SInv}
   (You found it on level 2 of the Lair of Beasts)

   It warps and distorts space around it.
   Unwielding it can cause banishment or high damage.
   rN:        It protects you from negative energy.
   SInv:      It lets you see invisible.
Missiles
 e - 2 curare-tipped darts {=f}
 i - 2 throwing nets {=f!f}
Armour
 c - a +0 cloak (worn)
 f - a +1 helmet (worn)
 h - a +2 robe of fire resistance
 k - a +0 pair of gloves (worn)
 l - a +2 buckler (worn)
 q - a +0 pair of boots (worn)
 z - the +1 robe of Defence (worn) {Regen+ Str-4 Dex+6}
   (You found it on level 3 of the Lair of Beasts)

   Str:       It affects your strength (-4).
   Dex:       It affects your dexterity (+6).
   Regen:     It increases your rate of health regeneration.
Jewellery
 d - a +6 ring of strength
 g - a +6 ring of intelligence
 j - a ring of protection from fire (right hand)
 o - an amulet of the acrobat (around neck)
 s - a ring of resist corrosion
 w - a ring of see invisible
 D - a ring of flight (left hand)
Wands
 n - a wand of iceblast (5)
 t - a wand of digging (15)
 u - a wand of mindburst (10)
 v - a wand of flame (45)
 x - a wand of charming (11)
 y - a wand of paralysis (7)
Scrolls
 p - 5 scrolls of enchant armour
 r - 2 scrolls of identify
 R - 2 scrolls of magic mapping {!r}
 T - 3 scrolls of teleportation
 U - a scroll of fear
 X - 3 scrolls of fog
 Y - 2 scrolls of blinking {!r}
Potions
 B - 3 potions of attraction {!q}
 C - 2 potions of berserk rage {!q}
 E - a potion of cancellation
 F - 4 potions of curing
 H - 4 potions of haste
 I - 3 potions of invisibility
 J - 2 potions of heal wounds
 L - 3 potions of lignification {!q}
 M - a potion of mutation {!q}
 N - 2 potions of might
 O - a potion of resistance


   Skills:
 - Level 8.0 Fighting
 - Level 12.0 Short Blades
 - Level 6.0 Throwing
 * Level 13.9 Dodging
 - Level 16.0 Stealth
 - Level 5.6 Shields
 - Level 3.0 Spellcasting
 - Level 8.0 Hexes
 - Level 6.0 Translocations
 + Level 8.3 Evocations


You had 16 spell levels left.
You knew the following spells:

 Your Spells              Type           Power      Damage    Failure   Level
d - Tukima's Dance        Hex            24%        N/A       2%          3

Your spell library contained the following spells:

 Spells                   Type           Power      Damage    Failure   Level
 Summon Guardian Golem    Hex/Summ       13%        N/A       12%         3
 Passage of Golubria      Tloc           N/A        N/A       19%         4
 Pain                     Necr           8%         1d4       22%         1
 Sting                    Tmut/Pois      8%         1d3       22%         1
 Summon Small Mammal      Summ           8%         N/A       22%         1
 Poisonous Vapours        Pois/Air       4%         N/A       32%         2
 Call Canine Familiar     Summ           2%         N/A       54%         3
 Ozocubu's Armour         Ice            2%         N/A       54%         3
 Metabolic Englaciation   Hex/Ice        6%         N/A       75%         5
 Silence                  Hex/Air        6%         N/A       75%         5
 Yara's Violent Unravell  Hex/Tmut       6%         3d5       75%         5
 Olgreb's Toxic Radiance  Pois           2%         N/A       91%         4
 Dispersal                Tloc           9%         N/A       95%         6
 Agony                    Necr           2%         N/A       99%         5
 Excruciating Wounds      Necr           1%         N/A       99%         5
 Freezing Cloud           Conj/Ice/Air   1%         6-21      99%         5
 Simulacrum               Ice/Necr       1%         N/A       100%        6
 Disjunction              Tloc           9%         N/A       100%        8
 Lehudib's Crystal Spear  Conj/Erth      1%         10d2      100%        8
 Polar Vortex             Ice            1%         N/A       100%        9


Dungeon Overview and Level Annotations

Branches:
Dungeon (11/15)            Temple (1/1) D:5            Lair (6/6) D:10
 Shoals (0/4) Lair:3        Snake (0/4) Lair:3        Slime (0/5) Lair:5
    Orc: D:9-12

Altars:
Ashenzari
Cheibriados
Dithmenos
Elyvilon
Fedhas
Gozag
Hepliaklqana
Kikubaaqudgha
Makhleb
Nemelex Xobeh
Okawaru
Qazlal
Ru
Sif Muna
Trog
Uskayaw
Vehumet
Wu Jian
Xom
Yredelemnul
Zin
The Shining One
Jiyva

Shops:
D:7 *[


Innate Abilities, Weirdness & Mutations

You are small and have problems with some larger weapons.
You are completely attuned to the shadows.


Message History

The swamp dragon is heavily wounded.
You hit the swamp dragon but do no damage.
The swamp dragon is heavily wounded.
You hit the swamp dragon but do no damage.
The swamp dragon is heavily wounded.
You feel sick. You block the swamp dragon's attack.
The swamp dragon completely misses you. The swamp dragon barely misses you.
You block the fire dragon's attack. The fire dragon claws you!
* * * LOW HITPOINT WARNING * * *
The fire dragon closely misses you.
You spin and attack the swamp dragon repeatedly.
You puncture the swamp dragon!
The swamp dragon is severely wounded.
You hit the swamp dragon.
The swamp dragon is severely wounded.
You puncture the swamp dragon!
The swamp dragon is severely wounded.
You feel sick.
You are no longer poisoned.
The swamp dragon breathes poison at you.
The blast of poison misses you.
Unknown command.
You are engulfed in poison gas.
You are poisoned.
* * * LOW HITPOINT WARNING * * *
You feel very sick.
As you read the scroll of teleportation, it crumbles to dust.
You feel strangely unstable.
You are engulfed in poison gas.
You are more poisoned.
* * * LOW HITPOINT WARNING * * *
You feel very sick.
The swamp dragon completely misses you. x3
The fire dragon breathes flames at you. The blast of flame hits you!
You resist.
* * * LOW HITPOINT WARNING * * *
Your muscles tense, ready for explosive movement...
You feel better.
You are engulfed in poison gas.
You are poisoned.
* * * LOW HITPOINT WARNING * * *
You die...

#
♣..♣.≈♣♣≈≈P♣♣..≈≈≈≈≈♣
#
♣♣.♣♣≈≈≈?.♣♣♣♣.≈§≈≈.♣
#
♣P.P♣≈P.♣♣!.$.≈≈≈≈.♣
#
♣...P≈≈♣♣♣$)..≈≈≈.♣♣
# ♣♣.♣..≈♣♣..(.≈≈≈≈.♣
# ♣♣..≈≈♣♣♣$(..≈≈.♣♣
# ♣....≈♣♣$$○○☼☼.≈ #
♣♣..≈≈.♣♣♣DD☼≈.. #
♣♣....≈♣♣☼@○≈.♣
♣♣♣..≈≈♣♣≈.○.♣
♣♣.≈≈≈≈≈P.♣♣
♣...≈≈..♣♣ ♣♣♣≈...♣♣
♣♣♣♣♣♣


You could see a fire dragon (catching breath) and a swamp dragon (catching
breath).

Vanquished Creatures
  3 azure jellies (Lair:5)
  Snorg (D:10)
  8 hydras
  4 two-headed ogres
  7 death yaks
  5 elephants (Lair:6)
  A manticore (D:7)
  15 cane toads
  8 black mambas
  A torpor snail (Lair:5)
  An unseen horror (D:10)
  3 rime drakes
  A komodo dragon (Lair:5)
  A troll (D:10)
  A hornet (D:10)
  Prince Ribbit (D:9)
  2 polar bears
  9 blink frogs
  A meliai zombie (D:10)
  A shadow (D:11)
  6 wyverns
  48 yaks
  5 basilisks
  2 fire bats (Lair:2)
  A fire elemental (Lair:2)
  3 steam dragons (Lair:6)
  Grum (D:9)
  4 vampire mosquitoes (D:10)
  An acid dragon (Lair:6)
  Duvessa (D:7)
  19 water moccasins
  3 orc warriors
  2 swamp drakes (Lair:6)
  6 black bears
  A sky beast (D:6)
  A necrophage (D:6)
  2 ogres
  15 wolves
  6 centaurs
  A kobold brigand (D:6)
  A phantom (D:6)
  2 gnoll sergeants
  13 bullfrogs
  3 scorpions
  Dowan (D:7)
  A water moccasin skeleton (D:5)
  9 wights
  6 killer bees (D:9)
  2 howler monkeys
  An electric eel (Lair:4)
  3 bullfrog zombies
  A lava snake (Lair:2)
  A centaur zombie (D:9)
  3 jellies
  4 bullfrog skeletons
  A gnoll shaman (D:7)
  3 hounds
  3 orc priests
  A centaur skeleton (D:6)
  Jessica (D:2)
  Natasha (twice) (D:3)
  4 iguanas
  6 orc wizards
  11 hell rats
  Robin (D:2)
  17 gnolls
  3 howler monkey skeletons
  9 adders
  A white imp (D:6)
  3 dart slugs (D:1)
  37 orcs
  3 bats
  9 endoplasms
  3 giant cockroaches
  12 goblins
  5 hobgoblins
  6 jackals
  3 quokkas (D:4)
  6 ball pythons
  3 frilled lizards
  14 kobolds
  5 rats
425 creatures vanquished.

Vanquished Creatures (others)
  6 bushes (Lair:6)
  33 fungi
  111 plants
150 creatures vanquished.

Grand Total: 575 creatures vanquished

Notes
Turn   | Place    | Note
-------+----------+-------------------------------------------
     0 | D:1      | wakim the Kobold Brigand began the quest for the Orb.
     0 | D:1      | Reached XP level 1. HP: 12/12 MP: 1/1
   122 | D:1      | Reached XP level 2. HP: 17/17 MP: 2/2
   242 | D:1      | Reached XP level 3. HP: 22/22 MP: 3/3
   298 | D:1      | Found a faded altar of an unknown god.
  1154 | D:2      | Reached XP level 4. HP: 27/27 MP: 4/4
  1630 | D:2      | Noticed Robin
  1965 | D:2      | Killed Robin
  2198 | D:2      | Reached skill level 6 in Stealth
  2370 | D:2      | Reached skill level 5 in Short Blades
  2370 | D:2      | Reached XP level 5. HP: 22/31 MP: 5/5
  2546 | D:2      | Noticed Jessica
  2550 | D:2      | Killed Jessica
  2732 | D:2      | Identified a scroll of acquirement
  2732 | D:2      | Acquired a +5 quick blade
  3222 | D:3      | Found a broken altar of Ashenzari.
  3441 | D:3      | Noticed Natasha
  3445 | D:3      | Killed Natasha
  3761 | D:3      | Noticed Natasha
  3768 | D:3      | Killed Natasha
  3769 | D:3      | Reached XP level 6. HP: 36/36 MP: 6/6
  4486 | D:4      | Reached XP level 7. HP: 40/40 MP: 7/7
  4747 | D:5      | Entered Level 5 of the Dungeon
  4922 | D:5      | Reached skill level 5 in Dodging
  5151 | D:5      | Found a staircase to the Ecumenical Temple.
  5214 | Temple   | Entered the Ecumenical Temple
  5379 | Temple   | Became a worshipper of the Wu Jian Council
  5429 | D:5      | Noticed a water moccasin
  5471 | D:5      | Killed a water moccasin
  5474 | D:5      | Reached XP level 8. HP: 40/45 MP: 8/8
  5947 | D:6      | Reached skill level 1 in Evocations
  6072 | D:6      | Reached skill level 7 in Stealth
  6229 | D:6      | Reached * piety under Wu Jian
  6294 | D:6      | Reached skill level 8 in Stealth
  6294 | D:6      | Reached XP level 9. HP: 49/52 MP: 9/9
  6637 | D:6      | Reached skill level 9 in Stealth
  7212 | D:7      | Found Suathre's Mass Market.
  7218 | D:7      | Reached skill level 5 in Fighting
  7218 | D:7      | Reached skill level 10 in Stealth
  7385 | D:7      | Reached ** piety under Wu Jian
  7528 | D:7      | Noticed a manticore
  7531 | D:7      | Killed a manticore
  7532 | D:7      | Reached skill level 5 in Evocations
  7904 | D:7      | Reached skill level 11 in Stealth
  7904 | D:7      | Reached XP level 10. HP: 55/60 MP: 10/10
  7991 | D:7      | Noticed Duvessa
  7994 | D:7      | Killed Duvessa
  7994 | D:7      | Noticed Dowan
  8007 | D:7      | Killed Dowan
  8019 | D:7      | Found Xuxix's Armour Shoppe.
  8616 | D:8      | Reached skill level 12 in Stealth
  8671 | D:8      | Noticed a two-headed ogre
  8713 | D:8      | Reached skill level 1 in Shields
  9171 | D:8      | Killed a two-headed ogre
  9450 | D:9      | Noticed Prince Ribbit
  9451 | D:9      | Killed Prince Ribbit
 10361 | D:9      | Noticed a two-headed ogre
 10379 | D:9      | Killed a two-headed ogre
 10380 | D:9      | Reached XP level 11. HP: 43/64 MP: 11/11
 10534 | D:9      | Reached *** piety under Wu Jian
 10547 | D:9      | Reached skill level 5 in Throwing
 10588 | D:9      | Noticed Grum
 10636 | D:9      | Killed Grum
 10637 | D:9      | Reached skill level 5 in Shields
 10640 | D:9      | HP: 1/64 [wolf[Grum] (8)]
 10928 | D:9      | Noticed a two-headed ogre
 10932 | D:9      | Killed a two-headed ogre
 11470 | D:10     | Entered Level 10 of the Dungeon
 11548 | D:10     | Noticed a two-headed ogre
 11580 | D:9      | Killed a two-headed ogre
 11581 | D:9      | Reached skill level 10 in Dodging
 11786 | D:10     | Noticed Snorg
 11789 | D:10     | Killed Snorg
 12003 | D:10     | Reached skill level 1 in Spellcasting
 12003 | D:10     | Reached skill level 1 in Hexes
 12322 | D:10     | Found a staircase to the Lair.
 12504 | D:10     | Learned a level 3 spell: Tukima's Dance
 12564 | D:10     | Acquired 974 gold pieces
 12698 | D:11     | Reached XP level 12. HP: 70/70 MP: 13/15
 12768 | Lair:1   | Entered Level 1 of the Lair of Beasts
 13166 | Lair:1   | Noticed an eight-headed hydra
 13177 | Lair:1   | Killed an eight-headed hydra
 13178 | Lair:1   | Reached skill level 5 in Hexes
 13994 | Lair:2   | Noticed a seven-headed hydra
 14021 | Lair:2   | Killed a seven-headed hydra
 14194 | Lair:2   | Identified the +7 long sword "Erghot" {distort, rN+ SInv}
 14323 | Lair:2   | Noticed a boulder beetle
 14329 | Lair:2   | Noticed a six-headed hydra
 15087 | Lair:2   | Killed a six-headed hydra
 15493 | Lair:3   | Found a staircase to the Shoals.
 15604 | Lair:3   | Reached XP level 13. HP: 54/76 MP: 17/17
 15622 | Lair:2   | Reached skill level 13 in Stealth
 16066 | Lair:3   | Reached **** piety under Wu Jian
 16280 | Lair:3   | Noticed a seven-headed hydra
 16302 | Lair:3   | Killed a seven-headed hydra
 16441 | Lair:3   | Found a staircase to the Snake Pit.
 16615 | Lair:3   | Identified the +1 robe of Defence {Regen+ Str-4 Dex+6}
 16802 | Lair:3   | Reached skill level 1 in Translocations
 17121 | Lair:4   | Reached skill level 14 in Stealth
 17212 | Lair:4   | Identified the +4 ring mail "Ohaufrot" {rC- Will+ Str+2}
 17277 | Lair:4   | Reached skill level 10 in Short Blades
 17541 | Lair:4   | Reached ***** piety under Wu Jian
 17559 | Lair:4   | Noticed a four-headed hydra
 17593 | Lair:4   | Killed a four-headed hydra
 17800 | Lair:5   | Noticed an eight-headed hydra
 17803 | Lair:5   | Killed an eight-headed hydra
 17872 | Lair:5   | Identified the +0 fustibalus of Sulphur {flame, Will- Int+7
                  | Stlth-}
 17992 | Lair:5   | Reached skill level 15 in Stealth
 18121 | Lair:5   | Found a runed translucent door.
 18122 | Lair:5   | Found a viscous altar of Jiyva.
 18123 | Lair:5   | Noticed an azure jelly
 18123 | Lair:5   | Noticed an azure jelly
 18124 | Lair:5   | Found a staircase to the Slime Pits.
 18124 | Lair:5   | Noticed an azure jelly
 18879 | Lair:5   | Killed an azure jelly
 18879 | Lair:5   | Killed an azure jelly
 18880 | Lair:5   | Reached XP level 14. HP: 84/84 MP: 18/18
 18880 | Lair:5   | Killed an azure jelly
 18881 | Lair:5   | Reached skill level 16 in Stealth
 18881 | Lair:5   | Reached skill level 5 in Translocations
 18912 | Lair:6   | Entered Level 6 of the Lair of Beasts
 20377 | Lair:6   | HP: 4/84 [swamp dragon] (9)]
 20377 | Lair:6   | Succumbed to a swamp dragon's poison gas

Illustrated notes

Levels and vault maps discovered:
D:1:      giann_horns, layout_rooms, shapermc_ecumenical_altar_venn,
          serial_aquarium, aquarium_bridge_island_small
          [aquarium_subvault_small_open, aquarium_subvault_window,
          aquarium_subvault_window, aquarium_subvault_bridge,
          aquarium_subvault_balcony], aquarium_window_double, aquarium_window_1,
          aquarium_window_fake, aquarium_window_1, aquarium_view_2f,
          aquarium_pool_split, minmay_liquid_box, moated_statue, feat_on_display
D:2:      layout_rooms, uniq_robin, uniq_jessica
D:3:      layout_basic, ashenzari_conservatory_becter,
          minmay_misc_feat_diagonals, hangedman_decor_opposing, uniq_natasha
D:4:      layout_rooms
D:5:      layout_cave_pools, minmay_temple_entry_water_ring
D:6:      kennysheep_spiral_hall, layout_basic, minmay_joined_circles
D:7:      layout_cave_pods, serial_shops, shop, hangedman_abyss_or_decor_passed,
          kennysheep_diamond, nrook_campfire, minmay_shop_mass, uniq_duvessa
D:8:      layout_rooms
D:9:      layout_loops_corners, kennysheep_crisscross, uniq_prince_ribbit1,
          uniq_grum
D:10:     layout_cave_pools, david_lair_generic, uniq_snorg
D:11:     layout_basic, eino_small_chamber_without_monster
Temple:   compressed_dpeg_circular_temple
Lair:1:   layout_chaotic_city, grunt_megastairs_5
Lair:2:   layout_chaotic_city, hangedman_lair_unloving_vines,
          serial_bayou_pond_d
Lair:3:   layout_concentric_octagons, minmay_shoals_entry_centaurs,
          minmay_snake_entry_six_corridors, grunt_megastairs_1
Lair:4:   layout_cave_shapes, serial_bayou_shore_a, serial_bayou_shore_b
Lair:5:   statuecave_lemuel, layout_cave_pods, slime_altar_2,
          lemuel_fruit_fields, infiniplex_staircase_pool_2, lemuel_fruit_tree
Lair:6:   wormcave, layout_regular_city, guppyfry_lair_end_dragon, st_stairs_4,
          grunt_forest_large_clearing_hut

Skill      XL: |  1  2  3  4  5  6  7  8  9 10 11 12 13 14 |
---------------+-------------------------------------------+-----
Short Blades   | 3 4 5 6 7 8 11 12 | 12.0
Dodging        | 2 3 4 6 8 9 11 12 13 | 13.9
Stealth        | 6 8 11 12 15 16 | 16.0
Evocations     | 2 5 6 8 |  8.3
Fighting       | 3 5 6 8 |  8.0
Shields        | 4 5 |  5.6
Throwing       | 4 6 |  6.0
Spellcasting   | 2 3 |  3.0
Hexes          | 2 8 |  8.0
Translocations | 4 6 |  6.0

Action                   |  1- 3 |  4- 6 |  7- 9 | 10-12 | 13-15 || total
-------------------------+-------+-------+-------+-------+-------++-------
Melee: Dagger            |    70 |    66 |    20 |   121 |   156 ||   433
       Quick blade       |       |   106 |   361 |   746 |  1227 ||  2440
Invok: Lunge             |       |       |    34 |    65 |    47 ||   146
       Whirlwind         |       |       |    19 |   163 |   307 ||   489
       Serpent's Lash    |       |       |       |     2 |     2 ||     4
 Abil: Wall Jump         |       |       |       |     6 |    24 ||    30
Evoke: Wand              |       |       |       |       |     2 ||     2
  Use: Scroll            |       |     7 |     5 |    16 |     4 ||    32
       Potion            |       |       |       |     2 |     3 ||     5
 Stab: Sleeping          |    20 |    15 |    40 |    47 |    56 ||   178
       Distracted        |       |     1 |     3 |     3 |     6 ||    13
Armor: Robe              |     6 |    14 |    29 |    45 |    42 ||   136
       Leather armour    |       |    16 |       |       |       ||    16
Dodge: Dodged            |    28 |    92 |   121 |   357 |   386 ||   984
Block: Buckler           |       |       |       |   169 |   212 ||   381

Table legend: (Time is in decaauts)
 A = Elapsed time spent in this place.
 B = Non-inter-level travel time spent in this place.
 C = Inter-level travel time spent in this place.
 D = Time resting spent in this place.
 E = Time spent auto-exploring this place.
 F = Levels seen in this place.
 G = Mean time per level.
                   A        B        C        D        E       F      G
               +--------+--------+--------+--------+--------+-----+--------+
         Total |  19734 |  18841 |    893 |   1122 |  14272 |  18 | 1096.3 |
       Dungeon |  12168 |  11595 |    573 |    816 |   8648 |  11 | 1106.2 |
        Temple |    196 |    141 |     55 |      0 |    124 |   1 |  196.0 |
          Lair |   7369 |   7104 |    265 |    306 |   5500 |   6 | 1228.2 |
               +--------+--------+--------+--------+--------+-----+--------+

Top non-repeatable levels by time:
     D:9: 2027 daAuts
  Lair:2: 1966 daAuts
     D:1: 1722 daAuts
     D:7: 1326 daAuts
  Lair:6: 1275 daAuts
     D:6: 1264 daAuts
  Lair:3: 1245 daAuts
  Lair:5: 1195 daAuts
     D:8: 1125 daAuts
     D:2: 1124 daAuts
     D:3: 1115 daAuts
  Lair:1: 1022 daAuts
     D:5: 823 daAuts
    D:10: 801 daAuts
     D:4: 694 daAuts
